 Dungeon Crawl Stone Soup version 0.30-a0-691-g754fce4c43 (webtiles) character file.

Game seed: 17662326229611097270

8033 hikkokomori the Destroyer (level 11, -10/67 HPs)
             Began as a Gargoyle Earth Elementalist on Jan 20, 2023.
             Was an Elder of Vehumet.
             Engulfed by a cloud of freezing vapour (23 damage)
             ... on level 11 of the Dungeon.
             The game lasted 00:16:55 (9476 turns).

hikkokomori the Destroyer (GrEE)                    Turns: 9476, Time: 00:16:56

Health: -10/67     AC: 12    Str: 11    XL:     11   Next: 24%
Magic:  3/20       EV: 11    Int: 21    God:    Vehumet [****..]
Gold:   776        SH:  0    Dex: 10    Spells: 14/23 levels left

rFire   . . .      SeeInvis .    E - +4 short sword (drain)
rCold   . . .      Faith    .    (no shield)
rNeg    + . .      Spirit   .    a - +0 robe
rPois   ∞          Reflect  .    (no helmet)
rElec   +          Harm     .    e - +0 cloak
rCorr   .          Rampage  .    k - +0 pair of gloves
Will    .....                    (no boots)
Stlth   ++                       (no amulet)
HPRegen 0.31/turn                (no ring)
MPRegen 0.17/turn                (no ring)

@: no status effects
A: sickness immunity, AC +8, negative energy resistance 1, electricity
resistance, torment resistance 1, petrification resistance
a: Renounce Religion


You were on level 11 of the Dungeon.
You worshipped Vehumet.
Vehumet was greatly pleased with you.
You visited 2 branches of the dungeon, and saw 12 of its levels.
You also visited: Ossuary.

You collected 776 gold pieces.

Inventory:

Hand Weapons
 q - the +0 staff of Battle
   (You found it on level 8 of the Dungeon)

   It enhances your conjuration magic.
   It summons a battlesphere in combat, with strength depending on Conjurations
   skill.
   Its strikes trigger the battlesphere's blasts.
 E - a +4 short sword of draining (weapon)
Missiles
 M - a throwing net
Armour
 a - a +0 robe (worn)
 e - a +0 cloak (worn)
 k - a +0 pair of gloves (worn)
 n - a +0 kite shield
Magical Staves
 N - a staff of earth
Jewellery
 l - a ring of ice
 r - an amulet of guardian spirit
 J - an amulet of faith
 O - a ring of fire
 Q - a +6 ring of dexterity
Wands
 u - a wand of charming (7)
 A - a wand of flame (18)
 K - a wand of iceblast (10)
 L - a wand of digging (4)
 P - a wand of mindburst (5)
 R - a wand of polymorph (4)
Scrolls
 d - a scroll of amnesia {unknown}
 h - 4 scrolls of teleportation
 j - 2 scrolls of noise
 p - a scroll of brand weapon {unknown}
 s - a scroll of summoning {unknown}
 v - 2 scrolls of torment {unknown}
 x - a scroll of poison
 y - 4 scrolls of enchant weapon
 B - a scroll of enchant armour {unknown}
 C - a scroll of fear
 F - a scroll of magic mapping {unknown}
 G - 4 scrolls of vulnerability
Potions
 b - a potion of magic
 c - 2 potions of might
 f - a potion of degeneration
 g - 2 potions of flight
 i - 2 potions of haste
 m - 4 potions of curing
 o - 3 potions of resistance
 t - a potion of attraction {unknown}
 w - a potion of invisibility
 z - a potion of heal wounds
 D - 2 potions of brilliance {unknown}
 H - 2 potions of berserk rage
 I - 2 potions of mutation {unknown}


   Skills:
 + Level 7.4 Fighting
 - Level 1.5 Dodging
 + Level 3.4 Stealth
 + Level 6.6 Spellcasting
 + Level 9.5 Conjurations
 - Level 0.7 Transmutations
 - Level 6.0 Ice Magic
 - Level 5.0 Air Magic
 - Level 8.6 Earth Magic


You had 14 spell levels left.
You knew the following spells:

 Your Spells              Type           Power      Damage    Failure   Level
a - Sandblast             Erth           86%        2d18      1%          1
b - Stone Arrow           Conj/Erth      90%        3d12      1%          3
c - Freezing Cloud        Conj/Ice/Air   17%        6-21      4%          5

Your spell library contained the following spells:

 Spells                   Type           Power      Damage    Failure   Level
 Ignite Poison            Fire/Tmut/Pois 7%         N/A       7%          3
 Passwall                 Tmut/Erth      21%        N/A       1%          2
 Poisonous Vapours        Pois/Air       34%        N/A       1%          2
 Hailstorm                Conj/Ice       39%        3d9       1%          3
 Sting                    Tmut/Pois      32%        1d4       8%          1
 Summon Small Mammal      Summ           24%        N/A       10%         1
 Petrify                  Tmut/Erth      26%        N/A       13%         4
 Leda's Liquefaction      Hex/Erth       12%        N/A       16%         4
 Olgreb's Toxic Radiance  Pois           6%         N/A       24%         4
 Summon Ice Beast         Ice/Summ       19%        N/A       26%         4
 Call Canine Familiar     Summ           6%         N/A       28%         3
 Portal Projectile        Hex/Tloc       12%        N/A       28%         3
 Summon Guardian Golem    Hex/Summ       6%         N/A       28%         3
 Metabolic Englaciation   Hex/Ice        9%         N/A       58%         5


Dungeon Overview and Level Annotations

Branches:
Dungeon (11/15)            Temple (1/1) D:4             Orc (0/2) D:9
Ossuary (visited)
   Lair: D:8-11

Altars:
Ashenzari
Cheibriados
Dithmenos
Elyvilon
Fedhas
Gozag
Hepliaklqana
Kikubaaqudgha
Makhleb
Nemelex Xobeh
Okawaru
Qazlal
Ru
Sif Muna
Trog
Uskayaw
Vehumet
Wu Jian
Xom
Yredelemnul
Zin
The Shining One

Shops:
D:3 =   D:11 (


Innate Abilities, Weirdness & Mutations

You are immune to sickness and miasma.
Your stone body is resilient. (AC +8)
You are immune to poison.
You resist negative energy. (rN+)
You are resistant to electric shocks. (rElec)
You are resistant to unholy torment.
You are immune to petrification.


Message History

Unknown command.
Casting: Freezing Cloud (dangerous; 4% risk of failure)
Confirm with . or Enter, or press ? or * to list all spells.
Aiming: Freezing Cloud (dangerous; 4% risk of failure)
Press: ? - help, Dir - move target That beam is likely to hit you.
Continue anyway?
You are engulfed in freezing vapours.
The shadow hits you.
The two-headed ogre is engulfed in freezing vapours.
Unknown command.
Casting: Freezing Cloud (dangerous; 4% risk of failure)
Confirm with . or Enter, or press ? or * to list all spells.
Aiming: Stone Arrow (safe; 1% risk of failure)
Press: ? - help, Shift-Dir - straight line, f - two-headed ogre
Aim: a two-headed ogre, wielding two +0 giant clubs (freezing vapour, heavily wounded, 89% to hit)
The stone arrow hits the two-headed ogre!
The two-headed ogre is severely wounded.
You are engulfed in freezing vapours.
The shadow barely misses you.
The two-headed ogre is engulfed in freezing vapours.
Unknown command.
Casting: Stone Arrow (safe; 1% risk of failure)
Confirm with . or Enter, or press ? or * to list all spells.
Aiming: Sandblast (safe; 1% risk of failure)
Press: ? - help, Shift-Dir - straight line, f/p - two-headed ogre
Aim: a two-headed ogre, wielding two +0 giant clubs (freezing vapour, almost dead, 93% to hit)
The blast of sand hits the two-headed ogre!
You kill the two-headed ogre!
Vehumet accepts your kill.
You feel your power returning.
You are engulfed in freezing vapours.
* * * LOW HITPOINT WARNING * * *
The shadow hits you. The shadow completely misses you.
Unknown command.
Casting: Sandblast (safe; 1% risk of failure)
Confirm with . or Enter, or press ? or * to list all spells.
Aiming: Stone Arrow (safe; 1% risk of failure)
Press: ? - help, Shift-Dir - straight line, f - shadow
Aim: a shadow (lightly damaged, 76% to hit)
The stone arrow hits the shadow!
The shadow is severely damaged.
You are engulfed in freezing vapours.
You die...

## ..# ..# ...###
..≈. .....#
#≈≈.#######.....#
+..∩..+.........#
#.≈≈#......§..#
#.≈.....§§°....
..#+#.....§☼§....
.......<.@§§§§...
#.........W☼§§...
#..........§§°...
#.....######.....
#..... .....
#..... ....
#..... ... #....
...


You could see a shadow.

Vanquished Creatures
  Harold (D:9)
  A two-headed ogre (D:11)
  Maggie (D:9)
  A tengu conjurer (D:8)
  A hornet (D:9)
  Prince Ribbit (D:8)
  Sigmund (D:3)
  A shadow (D:10)
  A wyvern (D:9)
  Grum (D:9)
  3 water moccasins
  4 orc warriors
  4 black bears
  2 ice beasts
  3 wolves (D:9)
  4 centaurs
  A phantom (D:6)
  5 bullfrogs
  A kobold brigand (D:8)
  4 necrophages
  2 scorpions (D:5)
  2 elf zombies (Ossuary)
  4 elf skeletons (D:4)
  A gnoll sergeant (D:9)
  7 wights
  8 killer bees
  2 howler monkeys (D:8)
  A jelly (D:7)
  2 gnoll boudas
  9 orc priests
  3 hounds
  2 human zombies
  4 iguanas
  Jessica (D:3)
  3 human skeletons (D:4)
  11 orc wizards
  3 hound zombies (Ossuary)
  3 mummies (Ossuary)
  11 gnolls
  12 adders
  2 shadow imps (D:8)
  A white imp (D:7)
  An ufetubus (D:4)
  An adder zombie (Ossuary)
  A worm (D:2)
  A dart slug (D:5)
  55 orcs
  4 bats
  8 endoplasms
  2 giant cockroaches
  2 goblins
  7 hobgoblins
  3 quokkas
  10 ball pythons
  4 frilled lizards
  A gnoll zombie (Ossuary)
  3 goblin zombies (Ossuary)
  6 hobgoblin zombies (Ossuary)
  2 jackal zombies (Ossuary)
  8 kobolds
  4 kobold zombies (Ossuary)
  An orc skeleton (D:4)
  3 orc zombies
  4 quokka zombies (Ossuary)
  6 rats
  4 rat zombies (Ossuary)
276 creatures vanquished.

Notes
Turn   | Place    | Note
-------+----------+-------------------------------------------
     0 | D:1      | hikkokomori the Gargoyle Earth Elementalist began the quest
                  | for the Orb.
     0 | D:1      | Reached XP level 1. HP: 10/10 MP: 3/3
   139 | D:1      | Reached XP level 2. HP: 16/16 MP: 1/5
   304 | D:1      | Reached skill level 1 in Fighting
   504 | D:1      | You fall into a shaft and drop 1 floor!
   734 | D:2      | Reached XP level 3. HP: 20/20 MP: 3/6
  1015 | D:3      | Found Bikkuih's Jewellery Shop.
  1099 | D:3      | Noticed a water moccasin
  1105 | D:3      | Killed a water moccasin
  1106 | D:3      | Reached skill level 5 in Earth Magic
  1106 | D:3      | Reached XP level 4. HP: 9/27 MP: 1/8
  1106 | D:3      | Reached XP level 5. HP: 11/32 MP: 1/9
  1113 | D:3      | Learned a level 3 spell: Stone Arrow
  1221 | D:3      | Found a hazy altar of Hepliaklqana.
  1307 | D:3      | Noticed Sigmund
  1337 | D:3      | Killed Sigmund
  1338 | D:3      | Reached skill level 1 in Conjurations
  1338 | D:3      | Reached XP level 6. HP: 22/37 MP: 4/11
  1588 | D:3      | Noticed Jessica
  1591 | D:3      | Killed Jessica
  1592 | D:3      | Reached skill level 2 in Conjurations
  2223 | D:3      | Found a faded altar of an unknown god.
  2326 | D:4      | Reached XP level 7. HP: 42/42 MP: 6/12
  2621 | D:4      | Reached skill level 3 in Conjurations
  2622 | D:4      | Found a sand-covered staircase.
  2699 | Ossuary  | Entered an ossuary
  3007 | Ossuary  | Reached XP level 8. HP: 48/48 MP: 12/14
  3166 | Ossuary  | Reached skill level 5 in Fighting
  3343 | D:4      | Reached skill level 4 in Conjurations
  3405 | D:4      | Found a staircase to the Ecumenical Temple.
  3416 | Temple   | Entered the Ecumenical Temple
  3426 | Temple   | Became a worshipper of Vehumet
  3611 | D:5      | Entered Level 5 of the Dungeon
  4037 | D:4      | Reached skill level 5 in Spellcasting
  4772 | D:5      | Found a blossoming altar of Fedhas.
  5154 | D:5      | Reached skill level 5 in Conjurations
  5155 | D:5      | Reached * piety under Vehumet
  5155 | D:5      | Offered knowledge of Freeze by Vehumet.
  5253 | D:5      | Reached XP level 9. HP: 55/55 MP: 12/17
  6184 | D:7      | Got the Anthology of Rime
  6248 | D:7      | Reached skill level 6 in Conjurations
  6443 | D:7      | Found a snail-covered altar of Cheibriados.
  6478 | D:7      | Offered knowledge of Scorch by Vehumet.
  6485 | D:7      | Learned a level 5 spell: Freezing Cloud
  6578 | D:7      | Reached ** piety under Vehumet
  6707 | D:7      | Reached skill level 1 in Ice Magic
  6917 | D:7      | Reached skill level 1 in Air Magic
  7229 | D:8      | Noticed Prince Ribbit
  7231 | D:8      | Noticed a tengu conjurer
  7232 | D:8      | Killed Prince Ribbit
  7351 | D:8      | Found the +0 staff of Battle
  7359 | D:8      | Killed a tengu conjurer
  7360 | D:8      | Reached skill level 7 in Conjurations
  7360 | D:8      | Reached XP level 10. HP: 59/63 MP: 13/19
  7463 | D:8      | Offered knowledge of Dazzling Flash by Vehumet.
  7710 | D:8      | Found an iron altar of Okawaru.
  7789 | D:8      | Reached *** piety under Vehumet
  8198 | D:9      | Reached skill level 8 in Conjurations
  8351 | D:9      | Found a staircase to the Orcish Mines.
  8360 | D:9      | Noticed Grum
  8364 | D:9      | Noticed Harold
  8365 | D:9      | Offered knowledge of Ignite Poison by Vehumet.
  8368 | D:9      | Killed Grum
  8369 | D:9      | Reached skill level 5 in Ice Magic
  8369 | D:9      | Noticed Maggie
  8371 | D:9      | Killed Harold
  8376 | D:9      | Killed Maggie
  8377 | D:9      | Reached skill level 9 in Conjurations
  8378 | D:9      | Reached XP level 11. HP: 59/67 MP: 1/20
  8405 | D:9      | Reached skill level 5 in Air Magic
  8748 | D:10     | Entered Level 10 of the Dungeon
  8951 | D:10     | Reached **** piety under Vehumet
  9464 | D:11     | Found Voudyol's Weapon Emporium.
  9468 | D:11     | Noticed a two-headed ogre
  9475 | D:11     | Killed a two-headed ogre
  9476 | D:11     | Engulfed by a cloud of freezing vapour

Illustrated notes

Levels and vault maps discovered:
D:1:      psy_arrival_radial01, layout_rooms
D:2:      layout_rooms
D:3:      layout_basic, mainiacjoe_overflow_alcove_1, serial_shops, shop,
          hellmonk_ecumenical_altar_crossroads, minmay_quantized, uniq_sigmund,
          uniq_jessica
D:4:      layout_basic, minmay_temple_entry_ruins,
          nicolae_ossuary_entry_catacombs, serial_rivers,
          chequers_serial_rivers_small_a, chequers_serial_rivers_large_a,
          chequers_serial_rivers_small_b, chequers_serial_rivers_micro_c,
          chequers_serial_rivers_micro_a, st_stairs_6,
          kennysheep_generic_room_15
D:5:      layout_loops_ring, fedhas_altar_2, minmay_pentangle
D:6:      layout_loops_ring
D:7:      layout_cave_pods, nicolae_overflow_crystal_walls, sigmund_army
D:8:      nicolae_cairo_tiling_large, layout_rooms, okawaru_metal_pillars_1_2,
          hellmonk_guarded_unrand_staff_of_battle, uniq_prince_ribbit1
D:9:      layout_basic, david_orc_2, uniq_maggie, uniq_grum, uniq_harold
D:10:     layout_rooms
D:11:     layout_irregular_city, grunt_lair_entry_orc_guard_hut, serial_shops,
          nicolae_shop_hallway_plus
Temple:   nicolae_temple_two_arcs

Skill      XL: |  1  2  3  4  5  6  7  8  9 10 11 |
---------------+----------------------------------+-----
Fighting       | 1 2 3 4 6 7 |  7.4
Earth Magic    | 4 5 6 7 8 |  8.6
Spellcasting   | 3 4 5 6 |  6.6
Conjurations   | 1 2 3 5 7 9 |  9.5
Ice Magic      | 3 5 6 |  6.0
Air Magic      | 2 4 5 |  5.0
Stealth        | 3 |  3.4
Dodging        | |  1.5
Transmutations | |  0.7

Action                   |  1- 3 |  4- 6 |  7- 9 | 10-12 || total
-------------------------+-------+-------+-------+-------++-------
Melee: Unarmed           |     2 |       |    13 |       ||    15
       Short sword       |       |       |       |    16 ||    16
 Cast: Sandblast         |    44 |    41 |   243 |   110 ||   438
       Stone Arrow       |       |       |     4 |     5 ||     9
       Freezing Cloud    |       |       |       |    11 ||    11
  Use: Scroll            |       |     5 |    12 |     1 ||    18
       Potion            |       |       |     1 |       ||     1
Armor: Robe              |     5 |    17 |    64 |    34 ||   120
Dodge: Dodged            |     7 |     8 |    71 |    49 ||   135

Table legend: (Time is in decaauts)
 A = Elapsed time spent in this place.
 B = Non-inter-level travel time spent in this place.
 C = Inter-level travel time spent in this place.
 D = Time resting spent in this place.
 E = Time spent auto-exploring this place.
 F = Levels seen in this place.
 G = Mean time per level.
                   A        B        C        D        E       F      G
               +--------+--------+--------+--------+--------+-----+--------+
         Total |   9713 |   9373 |    340 |    254 |   7512 |  13 |  747.2 |
       Dungeon |   8948 |   8615 |    333 |    223 |   6951 |  11 |  813.5 |
        Temple |    120 |    113 |      7 |      0 |     99 |   1 |  120.0 |
       Ossuary |    644 |    644 |      0 |     31 |    462 |   1 |  644.0 |
               +--------+--------+--------+--------+--------+-----+--------+

Top non-repeatable levels by time:
     D:4: 1379 daAuts
     D:3: 1274 daAuts
     D:7: 1055 daAuts
     D:5: 1016 daAuts
     D:8: 871 daAuts
     D:6: 820 daAuts
    D:10: 732 daAuts
     D:9: 705 daAuts
 Ossuary: 644 daAuts
     D:2: 564 daAuts
     D:1: 514 daAuts
  Temple: 120 daAuts
    D:11: 13 daAuts
